 Dungeon Crawl Stone Soup version 0.20.0-15-g7f486f2 (webtiles) character file.

66 sagitran the Covered (level 3, 0/27 HPs)
             Began as a Demonspawn Wanderer on June 11, 2017.
             Slain by Sigmund
             ... wielding a +4 vampiric scythe
              (3 damage)
             ... on level 2 of the Dungeon.
             The game lasted 00:21:31 (1406 turns).

sagitran the Covered (Demonspawn Wanderer)          Turns: 1406, Time: 00:21:32

Health: 0/27       AC: 12    Str: 15    XL:     3   Next: 96%
Magic:  3/3        EV:  4    Int: 14    God:
Gold:   95         SH:  0    Dex:  9    Spells: 2/2 levels left

rFire    + . .     SeeInvis .   s - +0 trident
rCold    . . .     Gourm    .   (no shield)
rNeg     . . .     Faith    .   p - +0 plate armour
rPois    .         Spirit   .   (no helmet)
rElec    .         Reflect  .   (no cloak)
rCorr    .         Harm     .   h - +0 pair of gloves
MR       .....                  (no boots)
Stlth    ..........             (no amulet)
Regen    0.1/turn               (no ring)
MPRegen  0.1/turn               (no ring)

@: hasted, very quick
A: fire resistance 1, powered by death 1
a: no special abilities


You were on level 2 of the Dungeon.
You were not hungry.

You visited 1 branch of the dungeon, and saw 2 of its levels.

You collected 95 gold pieces.

Inventory:

Hand Weapons
 a - a +3 shortbow
 s - a +0 trident (weapon)
Missiles
 b - 17 arrows
 k - 4 tomahawks (quivered)
Armour
 h - a +0 pair of gloves (worn)
 p - a +0 plate armour (worn)
Scrolls
 d - a scroll of teleportation
 l - a scroll of recharging
 o - a scroll of magic mapping {unknown}
 r - a scroll of fear {unknown}
Potions
 e - 4 potions of flight
Comestibles
 f - 2 bread rations
 i - a meat ration


   Skills:
 + Level 2.2 Fighting
   Level 1.0(1.1) Axes
 + Level 0.6(1.0) Polearms
 + Level 2.8 Bows
 + Level 0.1 Throwing
 + Level 3.4 Armour
 + Level 1.0 Stealth
   Level 1.0 Shields


You had 2 spell levels left.
You didn't know any spells.

Dungeon Overview and Level Annotations

Branches:
Dungeon (2/15)

Altars:

Annotations:
D:2 Sigmund


Innate Abilities, Weirdness & Mutations

Your flesh is heat resistant. (rF+)
You regenerate a little health from kills.


Message History

Reactivating autopickup.
Sigmund hits you with a vampiric scythe.
* * * LOW HITPOINT WARNING * * *
You closely miss Sigmund. Sigmund completely misses you.
You feel better.
You closely miss Sigmund.
Sigmund hits you with a vampiric scythe.
Your plate armour prevents you from hitting Sigmund.
Sigmund mumbles some strange words.
Sigmund flickers and vanishes!
Deactivating autopickup; reactivate with Ctrl-A.
You hit something but do no damage. Something hits you.
* * * LOW HITPOINT WARNING * * *
It was a potion of haste.
You feel yourself speed up. Something hits you.
* * * LOW HITPOINT WARNING * * *
You miss something. You barely miss something.
Something hits you but does no damage.
You miss something. You hit something. Something hits you.
You die...

#( .......†..†.[# #(##
........#.#### ..#
........#.##.. #.#
........)..... ######## #.##
#########÷.... #......#
#..###########....## #......#
##.#........)...####
#......######.{..###...........
#.............@.......###.#####
#......#########..##### #.###..
#..........####...# #.##...
##########........## ###.#....
#####..(..####........
##.#.....#..#.#..).
#######..#)..............
#....##.##...............
##.....÷............##....


There were no monsters in sight!

Vanquished Creatures
  A gnoll (D:1)
  2 oozes (D:2)
  2 worms (D:2)
  2 dart slugs
  4 leopard geckos
  A giant cockroach (D:2)
  5 hobgoblins
  3 jackals (D:2)
  3 bats
  A frilled lizard (D:1)
  3 goblins
  4 kobolds
  4 rats (D:2)
35 creatures vanquished.

Notes
Turn   | Place    | Note
-------+----------+-------------------------------------------
     0 | D:1      | sagitran the Demonspawn Wanderer began the quest for the Orb.
     0 | D:1      | sagitran set off with: a +2 shortbow, 27 arrows, a +0 ring mail, a scroll of teleportation, a bread ration
     0 | D:1      | Reached XP level 1. HP: 16/16 MP: 1/1
    51 | D:1      | Reached skill level 3 in Armour
    51 | D:1      | Gained mutation: Your flesh is heat resistant. (rF+) [demonic ancestry]
    51 | D:1      | Reached XP level 2. HP: 6/22 MP: 2/2
   559 | D:1      | Gained mutation: You regenerate a little health from kills. [demonic ancestry]
   559 | D:1      | Reached XP level 3. HP: 27/27 MP: 3/3
  1362 | D:2      | Noticed Sigmund
  1406 | D:2      | Slain by Sigmund

Skill      XL: |  1 |
---------------+----+-----
Bows           | 2 |  2.8
Armour         | 3 |  3.4
Fighting       | |  2.2
Axes           | |  1.0
Polearms       | |  0.6
Throwing       | |  0.1
Stealth        | |  1.0
Shields        | |  1.0

Action                   || total
-------------------------++-------
Melee: Spear             ||   117
       Trident           ||    24
 Fire: Shortbow          ||    36
Throw: Tomahawk          ||     7
  Use: Scroll            ||     8
       Potion            ||     4
  Eat: Royal jelly       ||     1
       Chunk             ||     1
Armor: Ring mail         ||    11
       Plate armour      ||    93
Dodge: Dodged            ||    46
